[Event "Titled Tuesday Blitz July 18 Early 2023"]
[White "Aldokhin, Ivan"]
[Black "Dwilewicz, Katarzyna"]
[WhiteFideId "24115720"]
[BlackFideId "1148486"]
[WhiteElo "2660"]
[BlackElo "2326"]
[Result "1-0"]
[Round "3"]
[TimeControl "180+2"]
[Date "2023.07.18"]
[WhiteClock "0:00:50"]
[BlackClock "0:00:02"]
[Board "60"]

1. e4 c5 2. Nf3 d6 3. d4 cxd4 4. Nxd4 Nf6 5. Nc3 a6 6. Bc4 Nbd7 7. O-O b5 8. Bd5 Nxd5 9. exd5 Nf6 10. Bg5 Bd7 11. a3 h6 12. Bxf6 gxf6 13. Qh5 Qc8 14. Qf3 Bg7 15. Rfe1 Ra7 16. Ne4 O-O 17. Ng3 e5 18. Ndf5 Kh7 19. Nxg7 Kxg7 20. Nh5+ Kg6 21. Qxf6+ Kxh5 22. Re4 Bg4 23. f3 Rg8 24. Rf1 Qc5+ 25. Kh1 Rg5 26. fxg4+ Rxg4 27. Qf5+ Rg5 28. Rh4+ Kxh4 29. Qh3# 1-0


[Site "https://www.chess.com"]

[Event "Titled Tuesday Blitz July 18 Early 2023"]
[White "Ratnesan, Ranesh"]
[Black "Goryachkina, Aleksandra"]
[WhiteFideId "439339"]
[BlackFideId "4147103"]
[WhiteElo "2249"]
[BlackElo "2655"]
[Result "0-1"]
[Round "3"]
[TimeControl "180+2"]
[Date "2023.07.18"]
[WhiteClock "0:00:03"]
[BlackClock "0:00:04"]
[Board "61"]

1. d4 Nf6 2. c4 e6 3. Nc3 Bb4 4. Qc2 c5 5. dxc5 O-O 6. a3 Bxc5 7. Nf3 b6 8. Bg5 Bb7 9. e3 h6 10. Bh4 Be7 11. Be2 Nc6 12. O-O Rc8 13. Rfd1 Na5 14. Nd2 d5 15. cxd5 Nxd5 16. Bxe7 Qxe7 17. Nxd5 Bxd5 18. Qa4 Bc6 19. Qb4 Qf6 20. Bf3 Bxf3 21. Nxf3 Rc4 22. Qb5 Rc5 23. Qa4 Qxb2 24. h3 Rfc8 25. Rab1 Qf6 26. Rd7 R5c7 27. Rbd1 Rxd7 28. Rxd7 Nc6 29. Qe4 Ne7 30. Qb7 Re8 31. Qxa7 Nd5 32. e4 Nf4 33. Qxb6 Rf8 34. Qe3 e5 35. Rb7 Qg6 36. g3 Nxh3+ 37. Kh2 Ng5 38. Nxe5 Qh5+ 39. Kg1 Qh3 40. f4 Ne6 41. Nd3 Rd8 42. Nf2 Qh5 43. Kg2 Nd4 44. Rb4 Nc6 45. Rc4 Ne7 46. e5 Nf5 47. Qf3 Qg6 48. Kh3 Qe6 49. Qg4 h5 50. Qxh5 Ne3+ 51. Kh2 Nxc4 0-1


[Site "https://www.chess.com"]

[Event "Titled Tuesday Blitz July 18 Early 2023"]
[White "Yeritsyan, Hayk"]
[Black "Bluebaum, Matthias"]
[WhiteFideId "13307320"]
[BlackFideId "24651516"]
[WhiteElo "2516"]
[BlackElo "3014"]
[Result "0-1"]
[Round "3"]
[TimeControl "180+2"]
[Date "2023.07.18"]
[WhiteClock "0:00:09"]
[BlackClock "0:01:36"]
[Board "62"]

1. d4 d5 2. Nf3 e6 3. e3 Nf6 4. Bd3 c5 5. c3 Nc6 6. Nbd2 Bd6 7. Qe2 O-O 8. O-O e5 9. dxc5 Bxc5 10. e4 Re8 11. h3 Be6 12. exd5 Bxd5 13. Ne4 Be7 14. Rd1 Bxe4 15. Bxe4 Qc7 16. Bg5 Nxe4 17. Qxe4 h6 18. Bxe7 Qxe7 19. Rd5 Qe6 20. Rad1 f5 21. Qc4 Rac8 22. Rc5 Qxc4 23. Rxc4 Red8 24. Rxd8+ Rxd8 25. Rc5 Rd1+ 26. Kh2 e4 27. Nd4 Nxd4 28. cxd4 f4 29. Rc7 Kf8 30. Rc8+ Kf7 31. Rc7+ Kf6 32. Rc8 Rxd4 33. g3 f3 34. g4 Rd2 35. Kg3 Rxb2 36. Re8 Rxa2 37. Rxe4 a5 38. Kxf3 b5 39. Rd4 b4 40. Rd6+ Ke5 41. Rg6 b3 42. Rxg7 Ra4 43. Re7+ Kd5 44. Re1 Rb4 45. Ke3 Re4+ 46. Kd2 Rxe1 47. Kxe1 b2 0-1


[Site "https://www.chess.com"]

[Event "Titled Tuesday Blitz July 18 Early 2023"]
[White "Galperin, Platon"]
[Black "Santos Flores, Alberto"]
[WhiteFideId "14165414"]
[BlackFideId "3601234"]
[WhiteElo "2971"]
[BlackElo "2515"]
[Result "1-0"]
[Round "3"]
[TimeControl "180+2"]
[Date "2023.07.18"]
[WhiteClock "0:00:38"]
[BlackClock "0:00:00"]
[Board "63"]

1. e4 e6 2. Qe2 c5 3. Nf3 Nc6 4. g3 g6 5. Bg2 Bg7 6. O-O Nge7 7. c3 O-O 8. d4 cxd4 9. cxd4 Nxd4 10. Nxd4 Bxd4 11. Rd1 Bg7 12. Nc3 d5 13. exd5 Nxd5 14. Nxd5 exd5 15. Bxd5 Qb6 16. a4 Bh3 17. a5 Qb4 18. Qf3 Rae8 19. Be3 Bg4 20. Bc5 Bxf3 21. Bxb4 Bxd1 22. Rxd1 Rd8 23. Be7 Rxd5 24. Rxd5 Re8 25. Rd7 Bxb2 26. Rxb7 Bd4 27. a6 Rc8 28. Kg2 Kg7 29. Kf3 Rc2 30. Ke4 Bxf2 31. Bd6 Bb6 32. Be5+ Kh6 33. Rxf7 Re2+ 34. Kd5 Ra2 35. h4 Kh5 36. Rxh7+ Kg4 37. Rg7 Rxa6 38. Rxg6+ Kh5 39. Rg8 Ra2 40. Bf6 1-0


[Site "https://www.chess.com"]

[Event "Titled Tuesday Blitz July 18 Early 2023"]
[White "Makkar, Rajat"]
[Black "demon64fields"]
[WhiteFideId "36016810"]
[WhiteElo "2514"]
[BlackElo "2897"]
[Result "1-0"]
[Round "3"]
[TimeControl "180+2"]
[Date "2023.07.18"]
[WhiteClock "0:01:06"]
[BlackClock "0:00:36"]
[Board "64"]

1. d4 g6 2. c4 Bg7 3. e4 Nc6 4. Nf3 e5 5. Be3 exd4 6. Nxd4 Qf6 7. Nxc6 dxc6 8. Nc3 Qe7 9. Be2 Nf6 10. f3 O-O 11. O-O Nd7 12. Bd4 a5 13. Bxg7 Kxg7 14. f4 Rd8 15. Qd4+ Nf6 16. Qe3 Nd7 17. Qd4+ Qf6 18. e5 Qe7 19. Rad1 Kg8 20. Ne4 b6 21. f5 Bb7 22. e6 c5 23. Qxd7 Rxd7 24. Rxd7 Qh4 25. exf7+ Kh8 26. fxg6 Rf8 27. Nf6 hxg6 28. Rd8 Rxd8 29. Ne8 Qd4+ 30. Rf2 Qg7 31. f8=Q+ Qxf8 32. Rxf8+ Kh7 33. Nf6+ Kg7 34. Rxd8 Kxf6 35. Rd7 1-0


[Site "https://www.chess.com"]

[Event "Titled Tuesday Blitz July 18 Early 2023"]
[White "Gordievsky, Dmitry"]
[Black "Berezin, Viktor"]
[WhiteFideId "24112798"]
[BlackFideId "14107872"]
[WhiteElo "2896"]
[BlackElo "2513"]
[Result "1-0"]
[Round "3"]
[TimeControl "180+2"]
[Date "2023.07.18"]
[WhiteClock "0:00:22"]
[BlackClock "0:00:00"]
[Board "65"]

1. Nf3 Nf6 2. c4 g6 3. d4 Bg7 4. g3 O-O 5. Bg2 d6 6. Nc3 Nc6 7. d5 Na5 8. b3 c5 9. Bb2 a6 10. O-O Rb8 11. a4 e5 12. dxe6 Bxe6 13. Ng5 Bf5 14. Ra2 Nc6 15. Ba1 h6 16. Nf3 Qd7 17. Rd2 Rbd8 18. Re1 Rfe8 19. Bb2 Ne4 20. Nxe4 Bxe4 21. Bxg7 Kxg7 22. Nh4 Bxg2 23. Nxg2 Kh7 24. Nf4 f6 25. Qb1 Ne5 26. Red1 Qe7 27. Rd5 f5 28. h4 Qf6 29. R1d2 Kg7 30. Qd1 Nf7 31. h5 g5 32. Ng6 Re4 33. e3 Rde8 34. Rxd6 Nxd6 35. Rxd6 Qc3 36. Rd7+ Kg8 37. Qd5+ R4e6 38. Ne7+ Kf7 39. Qxf5+ Rf6 40. Nd5+ Kf8 41. Qxf6+ 1-0


[Site "https://www.chess.com"]

[Event "Titled Tuesday Blitz July 18 Early 2023"]
[White "Rasulov, Vugar"]
[Black "Vyatkin, Dmitry"]
[WhiteFideId "13402390"]
[BlackFideId "4171900"]
[WhiteElo "2881"]
[BlackElo "2511"]
[Result "1-0"]
[Round "3"]
[TimeControl "180+2"]
[Date "2023.07.18"]
[WhiteClock "0:00:25"]
[BlackClock "0:00:14"]
[Board "66"]

1. Nf3 Nf6 2. e3 g6 3. c4 Bg7 4. b4 O-O 5. Bb2 d6 6. d4 Nbd7 7. Be2 e5 8. dxe5 Ng4 9. O-O Ngxe5 10. Nxe5 Nxe5 11. Nc3 Be6 12. c5 dxc5 13. bxc5 Nc4 14. Bxc4 Bxc4 15. Re1 Qxd1 16. Rexd1 Rfd8 17. Na4 Rxd1+ 18. Rxd1 Bxa2 19. Bxg7 Kxg7 20. Nc3 Be6 21. Nb5 c6 22. Nc7 Rf8 23. Nxe6+ fxe6 24. f3 Kf6 25. Kf2 b6 26. Rd6 b5 27. Rxc6 b4 28. Ke2 Ke5 29. Ra6 b3 30. Kd2 Rb8 31. Kc1 Kd5 32. Rxa7 h5 33. Rc7 b2+ 34. Kb1 Kc4 35. c6 Kc3 36. Rb7 Rc8 37. Rxb2 Kd3 38. Rb3+ Ke2 39. Rc3 Kf2 40. Rc2+ Kxe3 41. Kb2 Kd4 42. Kb3 Kd5 43. c7 Kd6 44. Kb4 Rxc7 45. Rxc7 Kxc7 46. Kc5 Kd7 47. Kd4 Kd6 48. f4 Kd7 49. Ke5 Ke7 50. g3 Kf7 51. h3 Ke7 52. g4 h4 53. g5 1-0


[Site "https://www.chess.com"]

[Event "Titled Tuesday Blitz July 18 Early 2023"]
[White "Novikov, Evgenij"]
[Black "Baskakov, Egor"]
[WhiteFideId "4125380"]
[BlackFideId "24197866"]
[WhiteElo "2511"]
[BlackElo "2873"]
[Result "0-1"]
[Round "3"]
[TimeControl "180+2"]
[Date "2023.07.18"]
[WhiteClock "0:00:00"]
[BlackClock "0:00:02"]
[Board "67"]

1. d4 Nf6 2. Nf3 e6 3. c4 d5 4. Nc3 Ne4 5. Qc2 f5 6. g3 c6 7. Bg2 Be7 8. O-O O-O 9. Ne5 Nd7 10. Nxd7 Bxd7 11. f3 Nxc3 12. bxc3 dxc4 13. Rb1 b5 14. e4 Qb6 15. Be3 e5 16. Qe2 fxe4 17. fxe4 Rxf1+ 18. Bxf1 Rf8 19. Bg2 Qa5 20. Qd2 Be6 21. d5 Rd8 22. Rd1 cxd5 23. exd5 Bf5 24. Bg5 Qb6+ 25. Kh1 Bf6 26. Bxf6 Qxf6 27. Rf1 Qg6 28. Qf2 Be4 29. Qxa7 Bxg2+ 30. Kxg2 Qe4+ 31. Kg1 Qxd5 32. Qe7 h6 33. Re1 Rf8 34. Qxe5 Qd2 35. Qe6+ Kh8 36. Qe7 Qf2+ 37. Kh1 Ra8 38. a3 Qf3+ 39. Kg1 Qxc3 40. Rf1 Qd4+ 41. Kh1 Qd5+ 42. Kg1 Qd4+ 43. Kh1 Qd8 44. Qc5 Rc8 45. Qxb5 c3 46. Qe2 c2 47. Rc1 Qd5+ 48. Kg1 Qd4+ 49. Kg2 Qb2 50. Qd2 h5 51. h4 Qb7+ 52. Kh2 Qb2 53. Qg5 Qd4 54. Qxh5+ Kg8 55. Qg5 Qf2+ 56. Kh3 Qe2 57. Qd5+ Kh8 58. Qg5 Rf8 0-1


[Site "https://www.chess.com"]

[Event "Titled Tuesday Blitz July 18 Early 2023"]
[White "Gorovets, Andrey"]
[Black "Philippe, Guillaume"]
[WhiteFideId "13504037"]
[BlackFideId "36048763"]
[WhiteElo "2844"]
[BlackElo "2510"]
[Result "1-0"]
[Round "3"]
[TimeControl "180+2"]
[Date "2023.07.18"]
[WhiteClock "0:00:06"]
[BlackClock "0:00:09"]
[Board "68"]

1. Nf3 Nf6 2. c4 e6 3. g3 d5 4. d4 dxc4 5. Bg2 Nbd7 6. Qc2 b5 7. a4 c6 8. O-O Be7 9. b3 cxb3 10. Qxc6 Rb8 11. axb5 Bb7 12. Qc3 Bd5 13. Qa5 O-O 14. Bb2 Ne4 15. Rc1 Bd6 16. Qxd8 Rfxd8 17. Rxa7 Rxb5 18. Nfd2 Nxd2 19. Nxd2 Bxg2 20. Kxg2 Nf6 21. Nc4 h6 22. Rca1 Ne4 23. Ra8 Rxa8 24. Rxa8+ Kh7 25. f3 Rb4 26. Rc8 Nc5 27. Nxd6 Na4 28. Ba3 Rxd4 29. Nxf7 b2 30. Rb8 Rd1 31. Bxb2 Rb1 32. Rh8+ Kg6 33. Ne5+ Kf5 34. Bd4 Re1 35. e3 Re2+ 36. Kh3 Ra2 37. Rf8+ Kg5 38. f4+ Kh5 39. g4# 1-0


[Site "https://www.chess.com"]

[Event "Titled Tuesday Blitz July 18 Early 2023"]
[White "Mitrabha, Guha"]
[Black "MFatigue"]
[WhiteFideId "5057000"]
[WhiteElo "2836"]
[BlackElo "2509"]
[Result "0-1"]
[Round "3"]
[TimeControl "180+2"]
[Date "2023.07.18"]
[WhiteClock "0:00:00"]
[BlackClock "0:01:48"]
[Board "69"]

1. Nf3 d5 2. b4 Nf6 3. Bb2 g6 4. Bxf6 exf6 5. a3 Bg7 6. d4 O-O 7. e3 c6 8. c4 dxc4 9. Bxc4 Be6 10. Bxe6 fxe6 11. Nc3 Nd7 12. Qb3 Qe7 13. O-O Kh8 14. a4 e5 15. d5 f5 16. e4 f4 17. Rfd1 g5 18. dxc6 bxc6 19. Nxg5 Qxg5 20. Rxd7 f3 21. g3 Qg4 22. Rxg7 Qh3 0-1


[Site "https://www.chess.com"]

[Event "Titled Tuesday Blitz July 18 Early 2023"]
[White "Ozen, Bahadir"]
[Black "Estrada Nieto, Julian"]
[WhiteFideId "6337058"]
[BlackFideId "5101018"]
[WhiteElo "2834"]
[BlackElo "2509"]
[Result "1-0"]
[Round "3"]
[TimeControl "180+2"]
[Date "2023.07.18"]
[WhiteClock "0:00:38"]
[BlackClock "0:00:00"]
[Board "70"]

1. g3 d5 2. Nf3 Nf6 3. Bg2 c6 4. O-O Bg4 5. h3 Bh5 6. d3 Nbd7 7. Qe1 e6 8. e4 Bc5 9. Nh4 O-O 10. Kh1 e5 11. Nd2 Re8 12. f4 dxe4 13. dxe4 exf4 14. gxf4 Nd5 15. Nb3 Bb6 16. Qg3 Nb4 17. Nf5 Bg6 18. Nd6 Re6 19. f5 Rxd6 20. Qxd6 Nxc2 21. fxg6 hxg6 22. Rb1 Bc7 23. Qd2 Qe7 24. Qxc2 g5 25. Qc3 Ne5 26. Nd4 g6 27. Be3 Rd8 28. Rbd1 g4 29. Bg1 gxh3 30. Bxh3 Qh4 31. Qe3 Bb6 32. Kg2 Nc4 33. Qf4 Qe7 34. Nf3 Rxd1 35. Rxd1 Bc7 36. e5 Nxe5 37. Nxe5 Bxe5 38. Qe3 Qf6 39. Rf1 Qd6 40. Qf3 f5 41. Bxf5 gxf5 42. Qxf5 Qd5+ 43. Qf3 Qe6 44. Bf2 Qxa2 45. Qg4+ Bg7 46. Bh4 Qd5+ 47. Qf3 Qd2+ 48. Rf2 Qd5 49. Qxd5+ cxd5 50. Bf6 1-0


[Site "https://www.chess.com"]

[Event "Titled Tuesday Blitz July 18 Early 2023"]
[White "Droin, Augustin"]
[Black "Wagh Suyog"]
[WhiteFideId "45105987"]
[BlackFideId "25071688"]
[WhiteElo "2508"]
[BlackElo "2828"]
[Result "1-0"]
[Round "3"]
[TimeControl "180+2"]
[Date "2023.07.18"]
[WhiteClock "0:01:20"]
[BlackClock "0:01:20"]
[Board "71"]

1. e4 e6 2. d4 d5 3. exd5 exd5 4. Nf3 Bd6 5. c4 dxc4 6. Bxc4 Nf6 7. O-O O-O 8. Nc3 Bg4 9. h3 Bh5 10. g4 Bg6 11. Ne5 c5 12. Nxg6 hxg6 13. dxc5 Bxc5 14. Bxf7+ Kxf7 15. Qb3+ Ke8 16. Re1+ Be7 17. Bf4 Qb6 18. Nb5 Na6 19. Rad1 Nc5 20. Nd6+ Kd8 21. Nc4+ Ke8 22. Nxb6 Nxb3 23. Nxa8 Kf7 24. Rxe7+ 1-0


[Site "https://www.chess.com"]

[Event "Titled Tuesday Blitz July 18 Early 2023"]
[White "Oro, Faustino"]
[Black "LeoLV10"]
[WhiteFideId "20000197"]
[WhiteElo "2790"]
[BlackElo "2507"]
[Result "1-0"]
[Round "3"]
[TimeControl "180+2"]
[Date "2023.07.18"]
[WhiteClock "0:00:17"]
[BlackClock "0:00:19"]
[Board "72"]

1. e4 c6 2. Nf3 d5 3. Nc3 Bg4 4. h3 Bxf3 5. Qxf3 e6 6. d3 Nf6 7. g3 Be7 8. Bg2 Nfd7 9. O-O O-O 10. Qe2 Re8 11. Kh2 a6 12. f4 Bf8 13. f5 d4 14. Nd1 e5 15. Nf2 c5 16. h4 Nc6 17. Nh3 Be7 18. h5 h6 19. g4 f6 20. Ng1 b5 21. Nf3 Qc7 22. Rg1 Rac8 23. Bd2 Nd8 24. c4 bxc4 25. dxc4 Nf7 26. Qd3 Rb8 27. Rab1 a5 28. b3 Ra8 29. a3 Reb8 30. Bf1 Nd6 31. Be2 Qc6 32. Nh4 Qxe4 33. Qxe4 Nxe4 34. Be1 Nd6 35. Bd2 e4 36. Ng2 Ne5 37. Nf4 e3 38. Be1 Ne4 39. Nd5 Bd6 40. Kg2 d3 41. Bf3 Nxf3 42. Kxf3 d2 43. Kxe4 dxe1=Q 44. Rgxe1 Re8+ 45. Kd3 Be5 46. Rxe3 Red8 47. Kc2 Kf7 48. a4 Rab8 49. Rbe1 Re8 50. Rd3 Rb7 51. Nc3 Bd4 52. Rxe8 Kxe8 53. Nb5 Rd7 54. Nxd4 cxd4 55. Rd1 Kd8 56. Kd3 Kc7 57. Re1 Kc6 58. Re6+ Kc5 59. Ra6 Kb4 60. Rb6+ Ka3 61. Rb5 Re7 62. Kxd4 Rd7+ 63. Kc5 Rd3 64. Kb6 Rg3 65. c5 Rxg4 66. c6 Rg1 67. c7 Rc1 68. Rc5 Rxc5 69. Kxc5 1-0


[Site "https://www.chess.com"]

[Event "Titled Tuesday Blitz July 18 Early 2023"]
[White "Michalczak, Thomas"]
[Black "Schmakel, Sam"]
[WhiteFideId "4622634"]
[BlackFideId "2039311"]
[WhiteElo "2507"]
[BlackElo "2768"]
[Result "1/2-1/2"]
[Round "3"]
[TimeControl "180+2"]
[Date "2023.07.18"]
[WhiteClock "0:00:21"]
[BlackClock "0:00:09"]
[Board "73"]

1. e4 Nc6 2. Nf3 d6 3. d4 Nf6 4. Nc3 g6 5. Be2 Bg7 6. O-O O-O 7. h3 a6 8. a4 e5 9. dxe5 dxe5 10. Be3 h6 11. Bc5 Re8 12. Bc4 b6 13. Ba3 Bb7 14. Qxd8 Raxd8 15. Nd5 Na5 16. Nxf6+ Bxf6 17. Bd3 c5 18. b3 Nc6 19. Rfe1 h5 20. Rad1 Nd4 21. Nxd4 exd4 22. f4 Bh4 23. Re2 Re7 24. Kh2 Rde8 25. g3 Bf6 26. e5 Bg7 27. Rde1 g5 28. h4 g4 29. Kg1 a5 30. Kf2 Bf3 31. Rd2 Kf8 32. Bb5 Rd8 33. Be2 Bxe2 34. Rdxe2 d3 35. Rd2 Red7 36. c3 Ke7 37. Red1 f6 38. e6 Kxe6 39. Ke3 f5 40. Rxd3 Rxd3+ 41. Rxd3 Rxd3+ 42. Kxd3 Kd5 43. Bb2 Kc6 44. Bc1 Bf6 45. Be3 Bg7 46. Kc4 Bf6 47. Bf2 Bg7 48. Be3 Bf6 49. Bf2 Bg7 50. b4 cxb4 51. cxb4 axb4 52. Kxb4 Bb2 53. Kc4 Bf6 54. Kb4 Be7+ 55. Kc4 Bf6 56. Kb4 Be7+ 57. Kc4 Bf6 1/2-1/2


[Site "https://www.chess.com"]

[Event "Titled Tuesday Blitz July 18 Early 2023"]
[White "Krzyzanowski, Marcin"]
[Black "ElenGajger"]
[WhiteFideId "1132199"]
[WhiteElo "2766"]
[BlackElo "2506"]
[Result "1-0"]
[Round "3"]
[TimeControl "180+2"]
[Date "2023.07.18"]
[WhiteClock "0:00:06"]
[BlackClock "0:00:52"]
[Board "74"]

1. e4 c5 2. Nf3 g6 3. d4 cxd4 4. Nxd4 Bg7 5. c4 Nc6 6. Be3 Nf6 7. Nc3 O-O 8. Be2 d6 9. O-O Bd7 10. h3 Nxd4 11. Bxd4 Bc6 12. Qc2 a5 13. Rad1 Nd7 14. Bxg7 Kxg7 15. Bg4 Qc7 16. Bxd7 Bxd7 17. Nd5 Qd8 18. f4 Be6 19. Ne3 Qb6 20. Qc3+ f6 21. f5 Bg8 22. Kh1 Qb4 23. Qc1 Rac8 24. b3 b5 25. fxg6 hxg6 26. Ng4 g5 27. e5 dxe5 28. Nxe5 bxc4 29. Rf5 Bh7 30. Rxg5+ Kh8 31. Ng6+ Kg7 32. Nxe7+ fxg5 33. Qxg5+ Kh8 34. Qe5+ Rf6 35. Qxf6# 1-0


[Site "https://www.chess.com"]

[Event "Titled Tuesday Blitz July 18 Early 2023"]
[White "Volovich, Vasily"]
[Black "MateoReyes"]
[WhiteFideId "34169676"]
[WhiteElo "2760"]
[BlackElo "2500"]
[Result "1/2-1/2"]
[Round "3"]
[TimeControl "180+2"]
[Date "2023.07.18"]
[WhiteClock "0:00:13"]
[BlackClock "0:00:09"]
[Board "75"]

1. e4 c5 2. Nf3 d6 3. c3 Nf6 4. h3 e6 5. Bd3 Be7 6. O-O Nc6 7. Bc2 e5 8. d4 O-O 9. dxe5 dxe5 10. Bg5 h6 11. Bxf6 Bxf6 12. Nbd2 Be6 13. Bb3 Qe7 14. Bxe6 Qxe6 15. Qb3 Rfe8 16. Nc4 g6 17. Rfd1 Bg7 18. Ne3 b6 19. Nd5 Rac8 20. Rd2 Kh7 21. Rad1 f5 22. Qa4 Rf8 23. Ne3 Rcd8 24. Rxd8 Rxd8 25. Rxd8 Nxd8 26. Qxa7 fxe4 27. Nd2 Qc6 28. Qe7 Ne6 29. Nxe4 Qxe4 30. Qxe6 Qb1+ 31. Kh2 Qxb2 32. Qf7 h5 33. Nd5 Qd2 34. Ne7 Qf4+ 35. Qxf4 exf4 36. Nd5 b5 37. g3 fxg3+ 38. Kxg3 Be5+ 39. f4 Bd6 40. Kf3 Kg7 41. Ke4 Kf7 42. f5 gxf5+ 43. Kxf5 b4 44. cxb4 cxb4 45. Nf4 h4 46. Nd5 Bc5 47. Nf4 Be7 48. Nd3 Bf8 49. Ne5+ Ke8 50. Ng6 Bc5 51. Nxh4 Kd7 52. Ke5 Bd6+ 53. Kd5 Bg3 54. Nf5 Bf2 55. h4 Ke8 56. h5 Kf7 57. Nd6+ Kg7 58. Ne4 Be1 59. Ke5 Kh6 60. Nf6 Bc3+ 61. Kf5 Bxf6 62. Kxf6 Kxh5 63. Kf5 Kh6 64. Kf6 Kh7 65. Kf7 Kh8 66. Ke6 Kg7 67. Kd5 Kf8 68. Kc4 Ke8 69. Kxb4 Kd8 70. Kb5 Kc8 71. Kb6 Kb8 72. Ka6 Ka8 73. a4 Kb8 74. a5 Ka8 75. Kb6 Kb8 76. a6 Ka8 77. a7 1/2-1/2


[Site "https://www.chess.com"]

[Event "Titled Tuesday Blitz July 18 Early 2023"]
[White "Tsaruk, Maksim"]
[Black "Postlmayer, Jakob"]
[WhiteFideId "13511173"]
[BlackFideId "1643622"]
[WhiteElo "2758"]
[BlackElo "2497"]
[Result "0-1"]
[Round "3"]
[TimeControl "180+2"]
[Date "2023.07.18"]
[WhiteClock "0:00:03"]
[BlackClock "0:00:06"]
[Board "76"]

1. Nf3 Nf6 2. g3 g6 3. d4 Bg7 4. c4 O-O 5. Bg2 d6 6. O-O c5 7. d5 b5 8. cxb5 a6 9. bxa6 Nxa6 10. Nc3 Bf5 11. Nh4 Bd7 12. Bd2 Qb6 13. Rb1 Rfb8 14. Qc1 Nc7 15. Bh6 Bh8 16. Qe3 Re8 17. h3 Nb5 18. g4 Nxc3 19. bxc3 Qc7 20. Rb2 Ra3 21. Rfb1 Qa5 22. Rb8 Qa7 23. R8b7 Qa5 24. g5 Rxc3 25. Qd2 Bc8 26. gxf6 Bxb7 27. Rxb7 Bxf6 28. Bg5 Ra3 29. Qf4 Ra4 30. Qg3 Qe1+ 31. Bf1 Be5 32. Qb3 Rb4 33. Rxb4 Qxb4 34. Qxb4 cxb4 35. e4 Bf6 36. Nf3 Bxg5 37. Nxg5 Rc8 38. e5 dxe5 39. Nf3 f6 40. Nd2 Rc2 41. Ne4 Rxa2 42. d6 Ra7 43. Bc4+ Kg7 44. dxe7 Rxe7 45. Nd6 Kf8 46. Kf1 Rd7 47. Ne4 Rd4 48. Nxf6 Rxc4 49. Nd7+ Kg7 50. Nxe5 Rc3 51. h4 b3 0-1


[Site "https://www.chess.com"]

[Event "Titled Tuesday Blitz July 18 Early 2023"]
[White "Brodowski, Piotr"]
[Black "Mmukka"]
[WhiteFideId "1124480"]
[WhiteElo "2747"]
[BlackElo "2496"]
[Result "1-0"]
[Round "3"]
[TimeControl "180+2"]
[Date "2023.07.18"]
[WhiteClock "0:00:36"]
[BlackClock "0:00:02"]
[Board "77"]

1. e4 c5 2. Nf3 e6 3. g3 d5 4. exd5 exd5 5. d4 cxd4 6. Bg2 Nf6 7. O-O Bg4 8. Nbd2 Be7 9. Nb3 O-O 10. Nbxd4 Nc6 11. h3 Bxf3 12. Nxf3 Qd7 13. c3 Rad8 14. Be3 Rfe8 15. Qb3 Bf8 16. Rad1 Qc7 17. Nd4 Rxe3 18. fxe3 Qxg3 19. Nf5 Qe5 20. Rde1 g6 21. Nd4 Bd6 22. Nf3 Qg3 23. Qc2 Ne4 24. Rd1 Ne5 25. Rxd5 Nxf3+ 26. Rxf3 Qh2+ 27. Kf1 Ng3+ 28. Rxg3 Qxg3 29. Qd3 h5 30. c4 b6 31. b4 Re8 32. Rxd6 Rxe3 33. Rd8+ Kh7 34. Qd2 Qf4+ 35. Qf2 Qxc4+ 36. Kg1 Re2 37. Qf6 Re1+ 38. Kh2 Qc7+ 39. Qd6 Qc1 40. Qd4 Qc7+ 41. Qd6 Qc1 42. Rd7 Qc4 43. Qf6 Rc1 44. Rxf7+ Kh6 45. Qg7+ Kg5 46. Qe5+ Kh6 47. Rf8 Rd1 48. Rh8# 1-0


[Site "https://www.chess.com"]

[Event "Titled Tuesday Blitz July 18 Early 2023"]
[White "Morefield, Jason"]
[Black "Erzhanov, Arman"]
[WhiteFideId "30920825"]
[BlackFideId "4138821"]
[WhiteElo "2746"]
[BlackElo "2494"]
[Result "1-0"]
[Round "3"]
[TimeControl "180+2"]
[Date "2023.07.18"]
[WhiteClock "0:00:11"]
[BlackClock "0:00:03"]
[Board "78"]

1. e4 d6 2. d4 Nf6 3. Nc3 c6 4. f4 d5 5. e5 Ng8 6. Bd3 h5 7. Nf3 Nh6 8. O-O g6 9. Ng5 Bg4 10. Qe1 e6 11. a4 Bf5 12. Bxf5 Nxf5 13. Ne2 Be7 14. a5 Nd7 15. b3 Kf8 16. Nf3 c5 17. dxc5 Nxc5 18. Ned4 Nxd4 19. Nxd4 Rc8 20. Kh1 Ne4 21. c4 h4 22. Bb2 Bc5 23. Rf3 Ng3+ 24. hxg3 hxg3+ 25. Kg1 Rh1+ 26. Kxh1 Qh4+ 27. Kg1 Qh2+ 28. Kf1 Qh1+ 29. Ke2 Qxg2+ 30. Kd3 Qxb2 31. Qc3 dxc4+ 32. bxc4 Qg2 33. Ke4 Rd8 34. Rd1 Kg7 35. Nxe6+ fxe6 36. Rxd8 Qe2+ 37. Re3 Qg2+ 38. Kd3 Bxe3 39. Rd7+ Kh6 40. Kxe3 Qf2+ 41. Ke4 Qe2+ 42. Qe3 Qxc4+ 43. Rd4 Qc2+ 44. Kf3 g2 45. Qg1 Qc3+ 46. Kxg2 Qxd4 47. Qxd4 1-0


[Site "https://www.chess.com"]

[Event "Titled Tuesday Blitz July 18 Early 2023"]
[White "Pajeken, Jakob Leon"]
[Black "Mikhailovsky, Vladimir"]
[WhiteFideId "12942839"]
[BlackFideId "34105414"]
[WhiteElo "2494"]
[BlackElo "2742"]
[Result "0-1"]
[Round "3"]
[TimeControl "180+2"]
[Date "2023.07.18"]
[WhiteClock "0:01:50"]
[BlackClock "0:00:52"]
[Board "79"]

1. Nf3 d6 2. e4 Nf6 3. Nc3 e5 4. d4 Nbd7 5. Bc4 Be7 6. a4 O-O 7. O-O a5 8. h3 c6 9. Re1 Nb6 10. Bf1 Nfd7 11. Be3 exd4 12. Nxd4 Nc5 13. Nf5 Bxf5 14. exf5 Nbd7 15. Qd2 d5 16. Rad1 Re8 17. Bd4 Bf6 18. Qf4 Bxd4 19. Qxd4 Qf6 20. Qxf6 Nxf6 21. g4 h6 22. f3 Kf8 23. b3 Rxe1 24. Rxe1 d4 25. Nd1 Nd5 26. Bc4 Rd8 27. Bxd5 Rxd5 28. Kf2 d3 29. Ne3 Rd7 30. Rd1 dxc2 31. Rc1 Nd3+ 0-1


[Site "https://www.chess.com"]

[Event "Titled Tuesday Blitz July 18 Early 2023"]
[White "Mathieu, Phileas"]
[Black "Sokolovsky, Yahli"]
[WhiteFideId "36048410"]
[BlackFideId "2820242"]
[WhiteElo "2484"]
[BlackElo "2739"]
[Result "1-0"]
[Round "3"]
[TimeControl "180+2"]
[Date "2023.07.18"]
[WhiteClock "0:00:25"]
[BlackClock "0:00:04"]
[Board "80"]

1. e4 d6 2. d4 Nf6 3. Nc3 g6 4. g3 Bg7 5. Bg2 O-O 6. Nge2 e5 7. O-O Nc6 8. dxe5 dxe5 9. Nd5 Nxd5 10. exd5 Ne7 11. c4 f5 12. Be3 Bd7 13. Qd2 c6 14. d6 Nc8 15. c5 a5 16. Rac1 a4 17. Qb4 Qa5 18. Qxb7 Ra7 19. b4 axb3 20. Qxb3+ Kh8 21. Rc2 Qa6 22. Re1 Rb7 23. Qc4 Qxc4 24. Rxc4 Rb2 25. Ra4 h6 26. f4 Re8 27. Ra6 exf4 28. Bf2 Rexe2 29. Rxe2 Rxe2 30. Bxc6 Bxc6 31. Rxc6 Na7 32. Rc7 Nb5 33. d7 Rd2 34. Rc8+ Kh7 35. d8=Q Rxd8 36. Rxd8 fxg3 37. hxg3 g5 38. a4 Nc7 39. Rd7 Ne6 40. c6 Kg6 41. c7 1-0


[Site "https://www.chess.com"]

[Event "Titled Tuesday Blitz July 18 Early 2023"]
[White "Ashraf, Artin"]
[Black "Liu, Casper"]
[WhiteFideId "22514805"]
[BlackFideId "1454153"]
[WhiteElo "2729"]
[BlackElo "2475"]
[Result "1-0"]
[Round "3"]
[TimeControl "180+2"]
[Date "2023.07.18"]
[WhiteClock "0:02:36"]
[BlackClock "0:02:22"]
[Board "81"]

1. d4 Nf6 2. a3 g6 3. g3 Bg7 4. Bg2 O-O 5. Bg5 d6 6. Bxf6 Bxf6 7. e3 c5 8. c3 cxd4 9. cxd4 Nc6 10. Nc3 e5 11. dxe5 dxe5 12. Nge2 Bg4 13. Qb3 Na5 14. Qa4 Qb6 15. Qxg4 Qxb2 16. O-O h5 17. Qa4 e4 18. Qxa5 1-0


[Site "https://www.chess.com"]